 Dungeon Crawl Stone Soup version 0.30.1-11-g7821555f0a (webtiles) character file.

Game seed: 14323518146038278048

11659 ChrisAssaf the Thaumaturge (level 11, 0/83 HPs)
             Began as a Gnoll Venom Mage on Nov 23, 2023.
             Was an Initiate of Gozag.
             Slain by a salamander (5 damage)
             ... in a volcano.
             The game lasted 00:53:25 (12481 turns).

ChrisAssaf the Thaumaturge (Gnoll Venom Mage)      Turns: 12481, Time: 00:53:27

Health: 0/83       AC: 12    Str: 11    XL:     11   Next: 81%
Magic:  7/23       EV: 17    Int: 15    God:    Gozag
Gold:   650        SH:  0    Dex: 19    Spells: 2/27 levels left

rFire   + . .        g - +2 great sword
rCold   + . .        (shield currently unavailable)
rNeg    . . .        J - +0 robe {rF+}
rPois   .            y - +2 helmet
rElec   .            p - +2 cloak
rCorr   .            (no gloves)
SInv    .            j - +2 pair of boots
Will    .....        t - amulet of regeneration
Stlth   ++++         c - ring of protection from cold
HPRegen 1.13/turn    s - +6 ring of dexterity
MPRegen 0.18/turn

%: no passive effects
@: gold aura, on berserk cooldown, slowed, very slow
A: fangs 1, strong nose, distributed training
a: Renounce Religion, Potion Petition, Call Merchant, Bribe Branch


You were in a volcano.
You worshipped Gozag.
Gozag was pleased with you.
You visited 2 branches of the dungeon, and saw 13 of its levels.
You also visited: Ossuary and Volcano.

You collected 2389 gold pieces.
You spent 1232 gold pieces at shops.
You paid 507 gold pieces to Gozag.

Inventory:

Hand Weapons
 e - a +0 dagger
 g - a +2 great sword (weapon)
 L - a +2 dagger of holy wrath
Missiles
 N - 2 javelins (quivered)
 O - a throwing net
Armour
 a - a +1 robe
 j - a +2 pair of boots (worn)
 p - a +2 cloak (worn)
 y - a +2 helmet (worn)
 C - a +2 animal skin
 J - a +0 robe of fire resistance (worn)
Jewellery
 c - a ring of protection from cold (left hand)
 k - a ring of protection from cold
 s - a +6 ring of dexterity (right hand)
 t - an amulet of regeneration (around neck)
Wands
 w - a wand of paralysis (5)
 G - a wand of mindburst (9)
 R - a wand of polymorph (7)
Scrolls
 b - a scroll of fear
 l - 9 scrolls of teleportation
 x - 3 scrolls of torment
 z - 3 scrolls of blinking
 B - 2 scrolls of noise
 D - 3 scrolls of identify
 E - 4 scrolls of immolation
 F - 2 scrolls of silence
 H - 3 scrolls of magic mapping
 I - a scroll of poison
 K - 2 scrolls of fog
 M - a scroll of enchant armour
Potions
 f - a potion of invisibility {unknown}
 h - 3 potions of haste
 i - 2 potions of ambrosia
 m - 6 potions of attraction
 n - a potion of heal wounds
 o - 3 potions of lignification
 q - 4 potions of curing
 r - 4 potions of flight
 u - 3 potions of cancellation
 v - a potion of mutation {unknown}
 A - a potion of resistance {unknown}
Miscellaneous
 Q - a phial of floods (inert)


   Skills:
 + Level 6.9 Fighting
 + Level 6.9 Short Blades
 + Level 6.9 Long Blades
 + Level 6.9 Axes
 + Level 6.9 Maces & Flails
 + Level 6.9 Polearms
 + Level 6.9 Staves
 + Level 6.9 Ranged Weapons
 + Level 6.9 Throwing
 + Level 6.9 Armour
 + Level 8.3 Dodging
 + Level 8.1 Stealth
 + Level 6.9 Shields
 + Level 6.9 Unarmed Combat
 + Level 8.6 Spellcasting
 + Level 5.7 Conjurations
 + Level 5.7 Hexes
 + Level 5.7 Summonings
 + Level 5.7 Necromancy
 + Level 5.7 Translocations
 + Level 6.1 Transmutations
 + Level 5.7 Fire Magic
 + Level 5.7 Ice Magic
 + Level 5.7 Air Magic
 + Level 5.7 Earth Magic
 + Level 8.0 Poison Magic
 + Level 7.5 Invocations
 + Level 6.9 Evocations


You had 2 spell levels left.
You knew the following spells:

 Your Spells              Type           Power      Damage    Failure   Level
a - Summon Mana Viper     Hex/Summ       23%        N/A       30%         5
b - Poisonous Vapours     Pois/Air       54%        N/A       1%          2
c - Mephitic Cloud        Conj/Pois/Air  25%        N/A       2%          3
d - Stone Arrow           Conj/Erth      46%        3d9       3%          3
e - Olgreb's Toxic Radia  Pois           30%        N/A       4%          4
f - Wereblood             Tmut           25%        N/A       1%          2
g - Blink                 Tloc           46%        N/A       1%          2
h - Manifold Assault      Tloc           23%        N/A       11%         4

Your spell library contained the following spells:

 Spells                   Type           Power      Damage    Failure   Level
 Sandblast                Erth           46%        2d11      1%          1
 Sting                    Tmut/Pois      100%       1d8       1%          1
 Passwall                 Tmut/Erth      20%        N/A       1%          2
 Sublimation of Blood     Necr           23%        N/A       1%          2
 Summon Ice Beast         Ice/Summ       23%        N/A       11%         4
 Monstrous Menagerie      Summ           11%        N/A       100%        7
 Storm Form               Tmut/Air       12%        N/A       100%        7
 Summon Hydra             Summ           11%        N/A       100%        7


Dungeon Overview and Level Annotations

Branches:
Dungeon (10/15)            Temple (0/1) D:7            Lair (3/5) D:9
  Swamp (0/4) Lair:3       Spider (0/4) Lair:3      Ossuary (visited)
Volcano (1/1)
    Orc: D:9-12

Altars:
Cheibriados
Gozag
Makhleb
Ru
Sif Muna
Zin
The Shining One

Shops:
D:6 [?   D:7 (   D:10 ?


Innate Abilities, Weirdness & Mutations

You have very sharp teeth.
Your uncanny sense of smell can sniff out nearby items.
Your experience applies equally to all skills.


Message History

You feel a strong urge to attack something.
You feel your anger nearly subside.
You are no longer berserk.
You are exhausted.
You feel yourself slow down.
The salamander shoots an arrow.
The arrow hits you! The arrow burns you.
The gargoyle is no longer distracted by gold.
The gargoyle hurls a stone arrow at you.
The stone arrow misses you.
Things that are here:
7 gold pieces; a +0 flail You hit the gargoyle but do no damage.
The salamander is no longer moving slowly.
The gargoyle hits you with a +0 morningstar!
The salamander unwields a +0 shortbow of flaming.
It stops flaming.
The salamander hits you but does no damage.
The gargoyle misses you.
You feel much better.
The gargoyle hits you with a +0 morningstar!
The salamander hits you!
You are engulfed in flames!
You resist.
You hit the salamander but do no damage.
You bite the salamander, but do no damage.
The salamander is almost dead.
The gargoyle hits you with a +0 morningstar!
* * * LOW HITPOINT WARNING * * *
The salamander closely misses you.
The gargoyle hurls a stone arrow at you.
The stone arrow misses you. The salamander hits you.
* * * LOW HITPOINT WARNING * * *
You are engulfed in flames.
You resist.
* * * LOW HITPOINT WARNING * * *
Unknown command.
You feel much better.
The gargoyle hits you with a +0 morningstar!
* * * LOW HITPOINT WARNING * * *
The salamander hits you!
* * * LOW HITPOINT WARNING * * *
You are engulfed in flames.
You resist.
You die...
Your body crumbles into a pile of gold.

#..########
####..##8..8.##
#8...8.$.....8#
#...(..'......#
#...⌠..#...∩.∩#
#.....('(.....#
#8...8.'.....8#
####.N##8..8.##
#@.########
#9.# ∆ #..#
#..# #..# $
#..# #..# #..#
#..#


You could see a salamander (very poisoned) and a gargoyle.

Vanquished Creatures
  Snorg (D:10)
  Erica (D:8)
  A cyclops (Volcano)
  A gargoyle (Volcano)
  A kobold demonologist (D:10)
  A rime drake (Lair:1)
  A komodo dragon (Lair:2)
  A troll (D:8)
  A polar bear (Lair:2)
  Prince Ribbit (D:6)
  A shadow (D:8)
  11 yaks
  3 wyverns
  Grum (D:9)
  2 vampire mosquitoes (D:9)
  An acid dragon (D:10)
  3 water moccasins
  Duvessa (D:7)
  3 orc warriors
  3 ice beasts
  A sky beast (D:7)
  An ogre (D:6)
  A black bear (D:8)
  2 wolves (D:9)
  5 centaurs
  A phantom (D:4)
  An elf zombie (Ossuary)
  2 kobold brigands
  2 bullfrogs
  3 gnoll sergeants
  9 wights
  Dowan (D:7)
  20 killer bees
  A howler monkey (D:10)
  3 centaur zombies (Ossuary)
  4 human zombies (Ossuary)
  3 jellies
  4 hounds
  A gnoll bouda (D:7)
  2 orc priests
  4 iguanas
  An iron imp (D:5)
  A sleepcap (D:5)
  5 orc wizards
  2 hound zombies (Ossuary)
  3 mummies (Ossuary)
  Robin (D:4)
  9 adders
  17 gnolls
  6 shadow imps
  6 white imps
  2 ufetubi
  4 adder zombies (Ossuary)
  2 worms
  4 dart slugs
  14 orcs
  2 ball pythons
  4 endoplasms
  17 goblins
  7 hobgoblins
  6 jackals
  3 quokkas
  10 bats
  A frilled lizard (D:2)
  2 hobgoblin zombies (Ossuary)
  5 jackal zombies (Ossuary)
  12 kobolds
  4 kobold zombies (Ossuary)
  An orc zombie (Ossuary)
  5 quokka zombies (Ossuary)
  5 rats
  4 rat zombies (Ossuary)
275 creatures vanquished.

Vanquished Creatures (collateral kills)
  3 shadow imps (D:5)
3 creatures vanquished.

Vanquished Creatures (others)
  Sonja (Lair:1)
1 creature vanquished.

Grand Total: 279 creatures vanquished

Notes
Turn   | Place    | Note
-------+----------+-------------------------------------------
     0 | D:1      | ChrisAssaf the Gnoll Venom Mage began the quest for the
                  | Orb.
     0 | D:1      | Reached XP level 1. HP: 13/13 MP: 6/6
   147 | D:1      | Reached XP level 2. HP: 19/19 MP: 4/7
   163 | D:1      | Learned a level 2 spell: Poisonous Vapours
   351 | D:2      | Found a faded altar of an unknown god.
   635 | D:2      | Reached skill level 5 in Spellcasting
   635 | D:2      | Reached XP level 3. HP: 19/25 MP: 4/9
   671 | D:2      | Learned a level 3 spell: Mephitic Cloud
   726 | D:2      | Reached skill level 1 in Invocations
   796 | D:3      | Learned a level 3 spell: Stone Arrow
  1446 | D:3      | Reached skill level 1 in Fighting
  1446 | D:3      | Reached skill level 1 in Short Blades
  1446 | D:3      | Reached skill level 1 in Long Blades
  1446 | D:3      | Reached skill level 1 in Axes
  1446 | D:3      | Reached skill level 1 in Maces & Flails
  1446 | D:3      | Reached skill level 1 in Polearms
  1446 | D:3      | Reached skill level 1 in Staves
  1446 | D:3      | Reached skill level 1 in Ranged Weapons
  1446 | D:3      | Reached skill level 1 in Throwing
  1446 | D:3      | Reached skill level 1 in Armour
  1446 | D:3      | Reached skill level 1 in Shields
  1446 | D:3      | Reached skill level 1 in Unarmed Combat
  1446 | D:3      | Reached skill level 1 in Evocations
  1484 | D:4      | You fall into a shaft and drop 1 floor!
  1484 | D:5      | Entered Level 5 of the Dungeon
  1512 | D:5      | Reached XP level 4. HP: 32/32 MP: 7/11
  1611 | D:5      | Reached skill level 1 in Conjurations
  1611 | D:5      | Reached skill level 1 in Hexes
  1611 | D:5      | Reached skill level 1 in Summonings
  1611 | D:5      | Reached skill level 1 in Necromancy
  1611 | D:5      | Reached skill level 1 in Translocations
  1611 | D:5      | Reached skill level 1 in Fire Magic
  1611 | D:5      | Reached skill level 1 in Ice Magic
  1611 | D:5      | Reached skill level 1 in Air Magic
  1611 | D:5      | Reached skill level 1 in Earth Magic
  1616 | D:5      | Learned a level 4 spell: Olgreb's Toxic Radiance
  1730 | D:5      | Reached XP level 5. HP: 25/37 MP: 4/12
  1956 | D:5      | Noticed a water moccasin
  1965 | D:5      | Killed a water moccasin
  1966 | D:5      | Reached skill level 5 in Dodging
  1966 | D:5      | Reached XP level 6. HP: 15/44 MP: 4/14
  1994 | D:5      | Found a shimmering blue altar of Sif Muna.
  2182 | D:5      | Learned a level 2 spell: Wereblood
  2211 | D:5      | Reached XP level 7. HP: 32/50 MP: 11/15
  2399 | D:5      | Found an opulent altar of Gozag.
  2408 | D:5      | Became a worshipper of Gozag Ym Sagoz the Greedy
  2665 | D:5      | Found a snail-covered altar of Cheibriados.
  2911 | D:4      | Reached skill level 5 in Stealth
  2947 | D:4      | Noticed Robin
  2955 | D:4      | Killed Robin
  4978 | D:1      | Reached XP level 8. HP: 55/58 MP: 14/16
  5747 | D:6      | Found Xaahus's Magic Scroll Emporium.
  5824 | D:6      | Bought a scroll of torment for 95 gold pieces
  5824 | D:6      | Bought 3 scrolls of identify for 60 gold pieces
  5824 | D:6      | Bought a scroll of torment for 95 gold pieces
  5824 | D:6      | Bought a scroll of blinking for 75 gold pieces
  5824 | D:6      | Bought a scroll of identify for 20 gold pieces
  5824 | D:6      | Bought a scroll of teleportation for 30 gold pieces
  5824 | D:6      | Bought a scroll of identify for 20 gold pieces
  5824 | D:6      | Bought a scroll of blinking for 75 gold pieces
  6193 | D:8      | Noticed a wyvern
  6203 | D:8      | Killed a wyvern
  6272 | D:8      | Found a sand-covered staircase.
  6281 | Ossuary  | Entered an ossuary
  6590 | Ossuary  | Reached XP level 9. HP: 65/65 MP: 0/18
  6891 | D:9      | Learned a level 2 spell: Blink
  7171 | D:9      | Reached skill level 5 in Invocations
  7249 | D:9      | Found a staircase to the Lair.
  7463 | D:9      | Noticed Grum
  7479 | D:9      | Killed Grum
  7483 | D:9      | Reached skill level 5 in Fighting
  7483 | D:9      | Reached skill level 5 in Short Blades
  7483 | D:9      | Reached skill level 5 in Long Blades
  7483 | D:9      | Reached skill level 5 in Axes
  7483 | D:9      | Reached skill level 5 in Maces & Flails
  7483 | D:9      | Reached skill level 5 in Polearms
  7483 | D:9      | Reached skill level 5 in Staves
  7483 | D:9      | Reached skill level 5 in Ranged Weapons
  7483 | D:9      | Reached skill level 5 in Throwing
  7483 | D:9      | Reached skill level 5 in Armour
  7483 | D:9      | Reached skill level 5 in Shields
  7483 | D:9      | Reached skill level 5 in Unarmed Combat
  7483 | D:9      | Reached skill level 5 in Evocations
  7483 | D:9      | Reached XP level 10. HP: 53/74 MP: 3/20
  7587 | D:10     | Entered Level 10 of the Dungeon
  7670 | D:9      | Learned a level 4 spell: Manifold Assault
  7785 | D:10     | Noticed a kobold demonologist
  7805 | D:10     | Killed a kobold demonologist
  7811 | D:10     | Noticed Snorg
  7830 | D:10     | Killed Snorg
  7831 | D:10     | Reached skill level 5 in Transmutations
  8580 | D:10     | Bought a scroll of magic mapping for 105 gold pieces
  8580 | D:10     | Bought a scroll of teleportation for 42 gold pieces
  8580 | D:10     | Bought a scroll of torment for 133 gold pieces
  8580 | D:10     | Bought a scroll of poison for 56 gold pieces
  8580 | D:10     | Bought a scroll of teleportation for 42 gold pieces
  8580 | D:10     | Bought a scroll of magic mapping for 105 gold pieces
  8580 | D:10     | Bought a scroll of magic mapping for 105 gold pieces
  8580 | D:10     | Bought a scroll of teleportation for 42 gold pieces
  8580 | D:10     | Bought a scroll of teleportation for 42 gold pieces
  8814 | D:8      | Reached skill level 5 in Conjurations
  8814 | D:8      | Reached skill level 5 in Hexes
  8814 | D:8      | Reached skill level 5 in Summonings
  8814 | D:8      | Reached skill level 5 in Necromancy
  8814 | D:8      | Reached skill level 5 in Translocations
  8814 | D:8      | Reached skill level 5 in Fire Magic
  8814 | D:8      | Reached skill level 5 in Ice Magic
  8814 | D:8      | Reached skill level 5 in Air Magic
  8814 | D:8      | Reached skill level 5 in Earth Magic
  8814 | D:8      | Reached XP level 11. HP: 73/81 MP: 12/22
  8884 | D:8      | Noticed Erica
  8900 | D:8      | Killed Erica
  9028 | D:8      | Found a sacrificial altar of Ru.
  9697 | D:7      | Found Orgha's Antique Weapon Emporium.
  9702 | D:7      | Bought a runed dagger for 90 gold pieces
  9710 | D:7      | Found a staircase to the Ecumenical Temple.
  9814 | D:7      | Noticed Duvessa
  9814 | D:7      | Noticed Dowan
  9850 | D:7      | Killed Dowan
  9854 | D:7      | Killed Duvessa
 10128 | D:7      | Learned a level 5 spell: Summon Mana Viper
 10488 | D:7      | Found a glowing silver altar of Zin.
 10491 | D:7      | Found a burning altar of Makhleb.
 10491 | D:7      | Found a glowing golden altar of the Shining One.
 11554 | D:6      | Noticed Prince Ribbit
 11571 | D:6      | Killed Prince Ribbit
 11604 | D:6      | Found Gabir's Armour Shop.
 12103 | Lair:1   | Entered Level 1 of the Lair of Beasts
 12135 | Lair:1   | Noticed Sonja
 12176 | Lair:1   | Killed Sonja
 12424 | Lair:3   | Found a dark tunnel.
 12433 | Volcano  | Entered a volcano
 12438 | Volcano  | Noticed a cyclops
 12445 | Volcano  | Noticed a salamander
 12455 | Volcano  | Killed a cyclops
 12481 | Volcano  | Slain by a salamander

Illustrated notes

Levels and vault maps discovered:
D:1:      elethiomel_arrival_maze, layout_basic
D:2:      layout_rooms, shapermc_ecumenical_altar_notcrosses, corexii_shack
D:3:      layout_loops_corners
D:4:      layout_rooms, minmay_fractal_squares_gapless_5, uniq_robin
D:5:      layout_loops_ring, slow_altar_2, led_sif_book,
          nicolae_gozag_cash_rules_everything_around_me, serial_demonic,
          serial_demonic_b, serial_demonic_a, serial_demonic_g, serial_demonic_f
D:6:      layout_loops_cross, serial_shops, nicolae_inconvenience_store, shop,
          uniq_prince_ribbit1
D:7:      layout_cave_pods, chequers_temple_overflow_statue_of_worship,
          minmay_temple_entry_wispy, minivault_22, st_stairs_6,
          minmay_misc_feat_x, nicolae_stop_n_shop_2, minmay_fractal_squares_5,
          uniq_duvessa
D:8:      nicolae_hitomezashi [nicolae_hito_row, nicolae_hito_row,
          nicolae_hito_row, nicolae_hito_row, nicolae_hito_row,
          nicolae_hito_row, nicolae_hito_row, nicolae_hito_row,
          nicolae_hito_row, nicolae_hito_row, nicolae_hito_row,
          nicolae_hito_row, nicolae_hito_row, nicolae_hito_row,
          nicolae_hito_row, nicolae_hito_row, nicolae_hito_row,
          nicolae_hito_row], layout_loops_ring, hangedman_ru_absence,
          nicolae_ossuary_entry_plus, uniq_erica
D:9:      layout_rooms, lair_entry_dummy, uniq_grum
D:10:     layout_rooms, grunt_ministairs_4, uniq_snorg
Lair:1:   layout_chaotic_city, lemuel_old_faithful, serial_bayou_shore_a,
          lemuel_fruit_tree, uniq_maggie, uniq_sonja
Lair:2:   layout_layer_cave
Lair:3:   layout_cave_shapes, minmay_swamp_entry_wisps,
          nicolae_spider_entry_tight_spaces, enter_volcano_1, uniq_amaemon,
          uniq_nessos
Volcano:  hellmonk_zot_springs

Skill      XL: |  1  2  3  4  5  6  7  8  9 10 11 |
---------------+----------------------------------+-----
Transmutations | 2 3 4 5 6 |  6.1
Spellcasting   | 5 6 7 8 |  8.6
Invocations    | 1 2 3 4 5 6 7 |  7.5
Fighting       | 1 2 3 5 6 |  6.9
Short Blades   | 1 2 3 5 6 |  6.9
Long Blades    | 1 2 3 5 6 |  6.9
Axes           | 1 2 3 5 6 |  6.9
Maces & Flails | 1 2 3 5 6 |  6.9
Polearms       | 1 2 3 5 6 |  6.9
Staves         | 1 2 3 5 6 |  6.9
Ranged Weapons | 1 2 3 5 6 |  6.9
Throwing       | 1 2 3 5 6 |  6.9
Armour         | 1 2 3 5 6 |  6.9
Shields        | 1 2 3 5 6 |  6.9
Unarmed Combat | 1 2 3 5 6 |  6.9
Evocations     | 1 2 3 5 6 |  6.9
Conjurations   | 1 2 3 4 5 |  5.7
Hexes          | 1 2 3 4 5 |  5.7
Summonings     | 1 2 3 4 5 |  5.7
Necromancy     | 1 2 3 4 5 |  5.7
Translocations | 1 2 3 4 5 |  5.7
Fire Magic     | 1 2 3 4 5 |  5.7
Ice Magic      | 1 2 3 4 5 |  5.7
Air Magic      | 1 2 3 4 5 |  5.7
Earth Magic    | 1 2 3 4 5 |  5.7
Dodging        | 5 6 7 8 |  8.3
Stealth        | 5 6 7 8 |  8.1
Poison Magic   | 6 7 8 |  8.0

Action                     |  1- 3 |  4- 6 |  7- 9 | 10-12 || total
---------------------------+-------+-------+-------+-------++-------
  Melee: Dagger            |     9 |       |       |       ||     9
         Great sword       |    36 |    24 |   184 |   151 ||   395
         Punch             |     1 |       |       |       ||     1
         Bite              |     1 |     4 |    20 |    18 ||    43
  Throw: Dart              |       |       |       |     4 ||     4
         Javelin           |       |       |       |     2 ||     2
   Cast: Sting             |    17 |     2 |     4 |     4 ||    27
         Poisonous Vapours |    12 |       |     5 |     3 ||    20
         Stone Arrow       |     5 |    14 |    77 |    71 ||   167
         Olgreb's Toxic Ra |       |     1 |    17 |    31 ||    49
         Mephitic Cloud    |       |     1 |     1 |     6 ||     8
         Manifold Assault  |       |       |       |     2 ||     2
 Invoke: Call Merchant     |       |       |       |     1 ||     1
  Evoke: Wand              |       |       |       |     4 ||     4
         Phial of floods   |       |       |       |     1 ||     1
    Use: Scroll            |       |     3 |    15 |    10 ||    28
         Potion            |       |     2 |     1 |     6 ||     9
   Stab: Sleeping          |     3 |       |     7 |     5 ||    15
         Distracted        |       |     1 |       |     2 ||     3
         Confused          |       |       |       |     2 ||     2
 Armour: Robe              |    15 |    13 |   104 |    27 ||   159
         Animal skin       |       |       |       |    50 ||    50
  Dodge: Dodged            |    70 |    22 |   264 |   217 ||   573
